 Dungeon Crawl Stone Soup version 0.19.1 (webtiles) character file.

58 Menchi the Charmwright (level 4, -2/34 HPs)
             Began as a Formicid Skald on Dec 17, 2016.
             Slain by Crazy Yiuf
             ... wielding a +2 quarterstaff of chaos
              (9 damage)
             ... on level 2 of the Dungeon.
             The game lasted 00:04:14 (1744 turns).

Menchi the Charmwright (Formicid Skald)             Turns: 1744, Time: 00:04:14

Health: -2/34      AC:  5    Str: 16    XL:     4   Next: 21%
Magic:  1/7        EV: 11    Int: 12    God:
Gold:   98         SH:  0    Dex: 11    Spells: 2 memorised, 3 levels left

rFire  . . .     SeeInvis +     a - +0 falchion
rCold  . . .     Gourm    .     b - +0 leather armour
rNeg   . . .     Faith    .     (no shield)
rPois  .         Spirit   .     (helmet unavailable)
rElec  .         Reflect  .     j - +0 cloak
rCorr  .         Harm     .     k - +0 pair of gloves
MR     .....                    (no boots)
Stlth  +.........               (no amulet)
                                (no ring)
                                (no ring)

@: very slightly contaminated
A: permanent stasis, dig shafts and tunnels, four strong arms, antennae 3
a: Dig, Shaft Self


You were on level 2 of the Dungeon.
You were not hungry.

You visited 1 branch of the dungeon, and saw 2 of its levels.

You collected 98 gold pieces.

Inventory:

Hand Weapons
 a - a +0 falchion (weapon)
Armour
 b - a +0 leather armour (worn)
 j - a +0 cloak (worn)
 k - a +0 pair of gloves (worn)
Wands
 f - a wand of flame (26/48)
Scrolls
 e - 2 scrolls of identify {unknown}
 h - 3 scrolls of remove curse {unknown}
 i - 2 scrolls of teleportation {unknown}
 l - a scroll of recharging {unknown}
Potions
 m - a potion of lignification {unknown}
 p - a potion of brilliance {unknown}
Books
 c - a book of Battle

   Spells                             Type                      Level
   a - Infusion                       Charms                       1
   b - Shroud of Golubria             Charms/Translocation         2
   c - Song of Slaying                Charms                       2
   d - Spectral Weapon                Hexes/Charms                 3
   e - Regeneration                   Charms/Necromancy            3
Comestibles
 d - a bread ration
 g - a slice of pizza
 n - 3 beef jerkies
 o - a meat ration


   Skills:
 + Level 2.5 Fighting
 * Level 2.8 Long Blades
 * Level 1.7 Armour
 * Level 1.2 Dodging
 + Level 2.3 Spellcasting
 + Level 3.5 Charms


You had 3 spell levels left.
You knew the following spells:

 Your Spells              Type           Power        Failure   Level  Hunger
a - Infusion              Chrm           #...         10%         1    ##.....
b - Spectral Weapon       Hex/Chrm       #.......     56%         3    ####...


Dungeon Overview and Level Annotations

Branches:
Dungeon (2/15)

Altars:

Annotations:
D:2 Crazy Yiuf


Innate Abilities, Weirdness & Mutations

You are under a permanent stasis effect.
You can dig through walls and to a lower floor.
Your four strong arms can wield two-handed weapons with a shield.
You have a pair of large antennae on your head. (SInv)


Message History

Crazy Yiuf grits, "Key unthinkable blue!"
Crazy Yiuf hits you with a quarterstaff of chaos!
Your stasis keeps you stable.
Casting: Spectral Weapon
Confirm with . or Enter, or press ? or * to list all spells.
You miscast Spectral Weapon.
Strange energies run through your body.
Crazy Yiuf hits you with a quarterstaff of chaos!
* * * LOW HITPOINT WARNING * * *
Crazy Yiuf burns you.
* * * LOW HITPOINT WARNING * * *
You are too injured to fight recklessly!
You are too injured to fight recklessly!
You are too injured to fight recklessly!
You are too injured to fight recklessly!
You are too injured to fight recklessly!
You are too injured to fight recklessly!
You hit Crazy Yiuf.
Crazy Yiuf is moderately wounded.
Crazy Yiuf hits you with a quarterstaff of chaos!
You die...

#.#
#....#
#######
#####.#
♣P.P.♣
......#
♣♣P..♣
#######
♣♣.♣♣
♣♣.♣
♣.♣♣
♣♣.♣
♣.♣♣
#@#
#.g.#
#...#
#)..#
#####


You could see Crazy Yiuf.

Vanquished Creatures
  2 adders (D:2)
  2 dart slugs
  A leopard gecko (D:2)
  4 bats
  4 giant cockroaches
  2 goblins (D:1)
  4 hobgoblins
  3 jackals (D:1)
  A quokka (D:2)
  2 frilled lizards (D:1)
  6 kobolds
  3 rats (D:1)
34 creatures vanquished.

Notes
Turn   | Place    | Note
-------+----------+-------------------------------------------
     0 | D:1      | Menchi the Formicid Skald began the quest for the Orb.
     0 | D:1      | Reached XP level 1. HP: 16/16 MP: 3/3
    92 | D:1      | Reached skill level 1 in Dodging
    94 | D:1      | Reached XP level 2. HP: 22/22 MP: 5/5
   769 | D:1      | Reached XP level 3. HP: 27/27 MP: 6/6
  1041 | D:2      | Learned a level 3 spell: Spectral Weapon
  1303 | D:2      | Found a runed door.
  1331 | D:2      | Reached XP level 4. HP: 28/34 MP: 7/7
  1738 | D:2      | Noticed Crazy Yiuf
  1744 | D:2      | Slain by Crazy Yiuf

Skill      XL: |  1 |
---------------+----+-----
Dodging        | 1 |  1.2
Fighting       | |  2.5
Long Blades    | |  2.8
Armour         | |  1.7
Spellcasting   | |  2.3
Charms         | |  3.5

Action                   |  1- 3 |  4- 6 || total
-------------------------+-------+-------++-------
Melee: Falchion          |    83 |    40 ||   123
 Cast: Infusion          |     2 |       ||     2
       Spectral Weapon   |     1 |       ||     1
  Eat: Chunk             |     1 |     2 ||     3
Armor: Leather armour    |    36 |    13 ||    49
Dodge: Dodged            |    55 |    37 ||    92
       Rpst.: Falchion   |    16 |    15 ||    31
